[ AOE2 MATCH · #506698668 ]
UnrankedPortuguese vs Turks
Player's team · WIN
Rival team · LOSS
[ REPLAY ANALYSIS · EXTRACTED FROM THE RECORDED GAME ]
Feudal
9:14
Castle
23:23
Imperial
—
| APM avg | 59.4 |
| APM peak | 100 |
| eAPM avg | 28.8 |
| Villagers / military | 100 / 90 |
Focus
⚔️ 37.9% · 🌾 62.1%
Archer ×67 · Mangonel ×6 · Spearman ×5 · Militia ×4 · Skirmisher ×4 · Monk ×2
Feudal
8:51
Castle
27:27
Imperial
—
| APM avg | 94.6 |
| APM peak | 158 |
| eAPM avg | 36.1 |
| Villagers / military | 82 / 82 |
Focus
⚔️ 47.7% · 🌾 52.3%
Archer ×53 · Cavalry Archer ×19 · Militia ×4 · Mangonel ×3 · Scout Cavalry ×3
Match map
Initial resources + every placement click. Lines = walls · curves = elevation contours. ◆ gold · ⬟ stone · ● berries · ✦ relic · ◌ wall gap
Your base· Open — unwalled flank
Speed's base· Open — 7t gap
Smoothed initial terrain · ◌ = detected wall gap · hover for details
Inputs per minute
— [LW] Faneth - - Speed
Build order — [LW] Faneth
First 150 of 322 actions detected
| 0:00 | Queue | Villager (Male) |
| 0:01 | Queue | Villager (Male) |
| 0:02 | Build | House |
| 0:02 | Queue | Villager (Male) |
| 0:03 | Build | House |
| 0:03 | Queue | Villager (Male) |
| 1:30 | Queue | Villager (Male) |
| 1:47 | Build | Lumber Camp |
| 2:01 | Queue | Villager (Male) |
| 2:29 | Research | Loom |
| 2:30 | Queue | Villager (Male) |
| 2:53 | Queue | Villager (Male) |
| 3:09 | Queue | Villager (Male) |
| 3:44 | Queue | Villager (Male) |
| 3:54 | Build | House |
| 3:59 | Queue | Villager (Male) |
| 4:16 | Queue | Villager (Male) |
| 4:32 | Build | Mill |
| 4:38 | Queue | Villager (Male) |
| 5:27 | Queue | Villager (Male) |
| 5:28 | Queue | Villager (Male) |
| 6:06 | Queue | Villager (Male) |
| 6:44 | Research | Loom |
| 6:48 | Build | Barracks |
| 7:02 | Research | Feudal Age |
| 7:30 | Build | House |
| 7:33 | Queue | Militia |
| 7:57 | Build | Mining Camp |
| 7:59 | Queue | Militia |
| 8:09 | Build | House |
| 8:12 | Queue | Villager (Male) |
| 8:13 | Queue | Militia |
| 8:34 | Queue | Militia |
| 8:40 | Build | Palisade Wall |
| 8:45 | Build | House |
| 9:14 | Age | Feudal Age |
| 9:19 | Build | Archery Range |
| 9:36 | Queue | Villager (Male) |
| 9:42 | Research | Man-at-Arms (upgrade) |
| 9:54 | Queue | Villager (Male) |
| 9:59 | Build | Palisade Wall |
| 10:00 | Build | Palisade Wall |
| 10:11 | Queue | Villager (Male) |
| 10:15 | Build | Palisade Wall |
| 10:18 | Build | Palisade Wall |
| 10:19 | Build | Palisade Wall |
| 10:20 | Queue | Villager (Male) |
| 10:31 | Build | Palisade Wall |
| 10:32 | Build | Palisade Wall |
| 10:38 | Queue | Archer |
| 10:50 | Queue | Spearman |
| 10:52 | Queue | Archer |
| 10:54 | Queue | Villager (Male) |
| 11:04 | Build | Palisade Wall |
| 11:16 | Queue | Villager (Male) |
| 11:45 | Queue | Villager (Male) |
| 12:26 | Queue | Archer |
| 12:31 | Build | House |
| 12:38 | Queue | Villager (Male) |
| 12:52 | Build | House |
| 12:55 | Build | House |
| 13:02 | Queue | Villager (Male) |
| 13:08 | Build | House |
| 13:23 | Queue | Villager (Male) |
| 13:32 | Queue | Archer |
| 13:49 | Queue | Archer |
| 13:50 | Queue | Villager (Male) |
| 14:03 | Queue | Archer |
| 14:06 | Build | Farm |
| 14:06 | Build | Farm |
| 14:07 | Build | Farm |
| 14:07 | Build | Farm |
| 14:07 | Build | Farm |
| 14:07 | Build | Farm |
| 14:10 | Build | Lumber Camp |
| 14:17 | Queue | Villager (Male) |
| 14:20 | Build | Farm |
| 14:44 | Queue | Villager (Male) |
| 14:47 | Queue | Archer |
| 15:10 | Queue | Villager (Male) |
| 15:20 | Queue | Villager (Male) |
| 15:28 | Build | Farm |
| 15:29 | Build | Farm |
| 15:30 | Queue | Archer |
| 15:40 | Build | Blacksmith |
| 15:44 | Build | House |
| 15:48 | Build | Farm |
| 15:48 | Build | Farm |
| 15:48 | Build | Farm |
| 15:49 | Build | Farm |
| 15:49 | Build | Farm |
| 15:54 | Queue | Villager (Male) |
| 16:08 | Queue | Villager (Male) |
| 16:10 | Build | Farm |
| 16:12 | Build | Farm |
| 16:22 | Build | Palisade Wall |
| 16:30 | Queue | Skirmisher |
| 16:34 | Queue | Villager (Male) |
| 16:38 | Build | House |
| 16:42 | Research | Fletching |
| 16:51 | Build | Palisade Wall |
| 16:52 | Build | Palisade Wall |
| 16:54 | Build | Palisade Wall |
| 16:56 | Queue | Villager (Male) |
| 17:14 | Research | Padded Archer Armor |
| 17:17 | Queue | Skirmisher |
| 17:31 | Queue | Archer |
| 17:32 | Queue | Villager (Male) |
| 17:43 | Queue | Villager (Male) |
| 17:46 | Build | Mining Camp |
| 17:56 | Build | House |
| 17:57 | Build | Palisade Wall |
| 18:06 | Queue | Archer |
| 18:06 | Queue | Villager (Male) |
| 18:32 | Queue | Archer |
| 18:39 | Queue | Archer |
| 18:40 | Queue | Villager (Male) |
| 18:56 | Build | Farm |
| 19:11 | Build | Palisade Wall |
| 19:12 | Build | House |
| 19:14 | Build | Palisade Wall |
| 19:18 | Queue | Skirmisher |
| 19:23 | Queue | Villager (Male) |
| 19:40 | Queue | Villager (Male) |
| 20:01 | Queue | Villager (Male) |
| 20:14 | Queue | Skirmisher |
| 20:43 | Research | Castle Age |
| 20:43 | Research | Castle Age |
| 20:54 | Build | House |
| 21:11 | Queue | Archer |
| 21:19 | Build | Archery Range |
| 21:25 | Queue | Archer |
| 21:48 | Build | Palisade Wall |
| 21:52 | Queue | Archer |
| 21:52 | Queue | Archer |
| 21:53 | Queue | Villager (Male) |
| 21:58 | Build | Palisade Wall |
| 22:02 | Queue | Archer |
| 22:11 | Build | Watch Tower |
| 22:30 | Queue | Spearman |
| 22:30 | Queue | Spearman |
| 22:45 | Queue | Spearman |
| 22:59 | Queue | Villager (Male) |
| 23:16 | Queue | Archer |
| 23:16 | Queue | Archer |
| 23:18 | Queue | Villager (Male) |
| 23:21 | Queue | Spearman |
| 23:23 | Age | Castle Age |
| 23:25 | Queue | Archer |
| 23:35 | Research | Crossbowman (upgrade) |
Build order — Speed
First 150 of 301 actions detected
| 0:01 | Queue | Villager (Male) |
| 0:01 | Queue | Villager (Male) |
| 0:01 | Queue | Villager (Male) |
| 0:02 | Build | House |
| 0:04 | Build | House |
| 1:01 | Queue | Villager (Male) |
| 1:34 | Queue | Villager (Male) |
| 1:58 | Build | Lumber Camp |
| 2:02 | Queue | Villager (Male) |
| 2:28 | Queue | Villager (Male) |
| 2:50 | Queue | Villager (Male) |
| 3:19 | Queue | Villager (Male) |
| 3:35 | Queue | Villager (Male) |
| 4:01 | Build | House |
| 4:06 | Queue | Villager (Male) |
| 4:30 | Queue | Villager (Male) |
| 4:57 | Queue | Villager (Male) |
| 5:13 | Build | Barracks |
| 5:17 | Queue | Villager (Male) |
| 5:22 | Queue | Villager (Male) |
| 5:22 | Research | Loom |
| 5:22 | Research | Loom |
| 6:04 | Build | House |
| 6:39 | Research | Feudal Age |
| 6:49 | Queue | Militia |
| 6:58 | Build | Mining Camp |
| 7:05 | Build | Palisade Wall |
| 7:06 | Build | Palisade Wall |
| 7:08 | Build | Palisade Wall |
| 7:08 | Build | Palisade Wall |
| 7:09 | Build | Palisade Wall |
| 7:14 | Queue | Militia |
| 7:31 | Queue | Militia |
| 7:44 | Queue | Militia |
| 7:51 | Build | Palisade Wall |
| 7:51 | Build | Palisade Wall |
| 7:55 | Build | Palisade Wall |
| 7:57 | Build | House |
| 8:37 | Queue | Villager (Male) |
| 8:51 | Age | Feudal Age |
| 8:55 | Research | Man-at-Arms (upgrade) |
| 8:55 | Research | Man-at-Arms (upgrade) |
| 8:56 | Research | Double-Bit Axe |
| 8:56 | Research | Double-Bit Axe |
| 9:15 | Queue | Villager (Male) |
| 9:35 | Queue | Villager (Male) |
| 9:38 | Build | Archery Range |
| 9:51 | Build | Palisade Wall |
| 9:52 | Build | Palisade Wall |
| 9:53 | Build | Palisade Wall |
| 9:55 | Build | Palisade Wall |
| 9:55 | Build | Palisade Wall |
| 9:58 | Build | Palisade Wall |
| 9:58 | Queue | Villager (Male) |
| 10:03 | Build | Palisade Wall |
| 10:08 | Queue | Villager (Male) |
| 10:15 | Build | Palisade Wall |
| 10:16 | Build | Palisade Wall |
| 10:19 | Build | Palisade Wall |
| 10:21 | Build | Palisade Wall |
| 10:43 | Queue | Villager (Male) |
| 11:20 | Queue | Villager (Male) |
| 11:25 | Queue | Archer |
| 11:28 | Build | House |
| 11:30 | Build | Palisade Wall |
| 11:31 | Build | Palisade Wall |
| 11:48 | Queue | Archer |
| 11:59 | Build | Gate |
| 12:00 | Build | Stone Wall |
| 12:09 | Queue | Archer |
| 12:20 | Build | Lumber Camp |
| 12:34 | Queue | Archer |
| 12:43 | Build | Mill |
| 13:09 | Build | Stone Wall |
| 13:15 | Build | Stone Wall |
| 13:24 | Build | Farm |
| 13:25 | Build | Farm |
| 13:34 | Queue | Archer |
| 13:48 | Queue | Villager (Male) |
| 14:01 | Queue | Archer |
| 14:18 | Queue | Villager (Male) |
| 14:21 | Build | Palisade Wall |
| 14:22 | Build | Palisade Wall |
| 14:27 | Build | Palisade Wall |
| 14:46 | Queue | Archer |
| 14:50 | Queue | Villager (Male) |
| 15:11 | Build | Farm |
| 15:12 | Build | Farm |
| 15:14 | Queue | Villager (Male) |
| 15:27 | Queue | Archer |
| 15:28 | Build | House |
| 15:36 | Queue | Villager (Male) |
| 15:42 | Build | Farm |
| 15:46 | Build | Blacksmith |
| 15:55 | Build | Farm |
| 16:00 | Build | Watch Tower |
| 16:04 | Queue | Archer |
| 16:05 | Queue | Villager (Male) |
| 16:07 | Build | Farm |
| 16:13 | Build | House |
| 16:13 | Build | House |
| 16:27 | Research | Fletching |
| 16:30 | Queue | Archer |
| 16:34 | Queue | Villager (Male) |
| 16:34 | Queue | Villager (Male) |
| 16:39 | Build | Palisade Wall |
| 16:40 | Build | Palisade Wall |
| 16:45 | Queue | Archer |
| 16:50 | Queue | Villager (Male) |
| 17:17 | Queue | Villager (Male) |
| 17:33 | Queue | Archer |
| 17:38 | Queue | Villager (Male) |
| 17:39 | Build | Archery Range |
| 17:52 | Build | Farm |
| 17:53 | Build | Farm |
| 17:54 | Build | Farm |
| 18:30 | Queue | Villager (Male) |
| 18:39 | Queue | Archer |
| 18:43 | Queue | Villager (Male) |
| 18:44 | Queue | Archer |
| 18:46 | Build | Farm |
| 18:49 | Build | Stable |
| 18:56 | Queue | Villager (Male) |
| 18:59 | Queue | Villager (Male) |
| 19:09 | Queue | Villager (Male) |
| 19:33 | Queue | Villager (Male) |
| 19:39 | Queue | Archer |
| 19:43 | Build | Farm |
| 19:47 | Build | House |
| 19:48 | Queue | Villager (Male) |
| 20:04 | Queue | Archer |
| 20:07 | Build | Farm |
| 20:14 | Queue | Scout Cavalry |
| 20:19 | Build | House |
| 20:26 | Queue | Villager (Male) |
| 20:35 | Build | Farm |
| 20:37 | Queue | Archer |
| 20:38 | Queue | Archer |
| 20:49 | Queue | Scout Cavalry |
| 20:58 | Queue | Villager (Male) |
| 21:21 | Queue | Archer |
| 21:26 | Queue | Villager (Male) |
| 21:27 | Build | Farm |
| 21:29 | Build | Farm |
| 21:30 | Build | Farm |
| 21:49 | Queue | Villager (Male) |
| 22:01 | Queue | Archer |
| 22:04 | Queue | Villager (Male) |
| 22:07 | Queue | Archer |
| 22:15 | Build | Farm |
Match timeline
| 5:13 | Speed · first_building Barracks |
| 6:48 | [LW] Faneth · first_building Barracks |
| 7:05 | Speed · wall_segment Palisade Wall x1 |
| 7:06 | Speed · wall_segment Palisade Wall x1 |
| 7:08 | Speed · wall_segment Palisade Wall x1 |
| 7:08 | Speed · wall_segment Palisade Wall x1 |
| 7:09 | Speed · wall_segment Palisade Wall x1 |
| 7:51 | Speed · wall_segment Palisade Wall x1 |
| 7:51 | Speed · wall_segment Palisade Wall x1 |
| 7:55 | Speed · wall_segment Palisade Wall x1 |
| 8:40 | [LW] Faneth · wall_segment Palisade Wall x1 |
| 8:51 | Speed · age_up feudal |
| 9:14 | [LW] Faneth · age_up feudal |
| 9:19 | [LW] Faneth · first_building Archery Range |
| 9:38 | Speed · first_building Archery Range |
| 9:51 | Speed · wall_segment Palisade Wall x1 |
| 9:52 | Speed · wall_segment Palisade Wall x1 |
| 9:53 | Speed · wall_segment Palisade Wall x1 |
| 9:55 | Speed · wall_segment Palisade Wall x1 |
| 9:55 | Speed · wall_segment Palisade Wall x1 |
| 9:58 | Speed · wall_segment Palisade Wall x1 |
| 9:59 | [LW] Faneth · wall_segment Palisade Wall x1 |
| 10:00 | [LW] Faneth · wall_segment Palisade Wall x1 |
| 10:03 | Speed · wall_segment Palisade Wall x1 |
| 10:15 | [LW] Faneth · wall_segment Palisade Wall x1 |
| 10:15 | Speed · wall_segment Palisade Wall x2 |
| 10:16 | Speed · wall_segment Palisade Wall x1 |
| 10:18 | [LW] Faneth · wall_segment Palisade Wall x1 |
| 10:19 | Speed · wall_segment Palisade Wall x2 |
| 10:19 | [LW] Faneth · wall_segment Palisade Wall x1 |
| 10:21 | Speed · wall_segment Palisade Wall x1 |
| 10:31 | [LW] Faneth · wall_segment Palisade Wall x2 |
| 10:32 | [LW] Faneth · wall_segment Palisade Wall x1 |
| 11:04 | [LW] Faneth · wall_segment Palisade Wall x1 |
| 11:30 | Speed · wall_segment Palisade Wall x1 |
| 11:31 | Speed · wall_segment Palisade Wall x1 |
| 12:00 | Speed · wall_segment Stone Wall x1 |
| 13:09 | Speed · wall_segment Stone Wall x1 |
| 13:15 | Speed · wall_segment Stone Wall x1 |
| 14:21 | Speed · wall_segment Palisade Wall x1 |
| 14:22 | Speed · wall_segment Palisade Wall x1 |
| 14:27 | Speed · wall_segment Palisade Wall x1 |
| 16:22 | [LW] Faneth · wall_segment Palisade Wall x9 |
| 16:39 | Speed · wall_segment Palisade Wall x1 |
| 16:40 | Speed · wall_segment Palisade Wall x1 |
| 16:51 | [LW] Faneth · wall_segment Palisade Wall x3 |
| 16:52 | [LW] Faneth · wall_segment Palisade Wall x2 |
| 16:54 | [LW] Faneth · wall_segment Palisade Wall x2 |
| 17:57 | [LW] Faneth · wall_segment Palisade Wall x13 |
| 18:49 | Speed · first_building Stable |
| 19:11 | [LW] Faneth · wall_segment Palisade Wall x1 |
| 19:14 | [LW] Faneth · wall_segment Palisade Wall x10 |
| 21:48 | [LW] Faneth · wall_segment Palisade Wall x1 |
| 21:58 | [LW] Faneth · wall_segment Palisade Wall x1 |
| 23:23 | [LW] Faneth · age_up castle |
| 24:07 | [LW] Faneth · wall_segment Palisade Wall x1 |
| 24:33 | [LW] Faneth · wall_segment Palisade Wall x1 |
| 24:38 | Speed · first_market_buy 100 food |
| 24:44 | Speed · first_market_sell 100 wood |
| 26:43 | [LW] Faneth · first_market_buy 100 wood |
| 27:27 | Speed · age_up castle |
| 28:38 | [LW] Faneth · first_building Siege Workshop |
| 30:55 | [LW] Faneth · wall_segment Palisade Wall x1 |
| 31:16 | Speed · first_building Siege Workshop |
| 31:29 | [LW] Faneth · first_building Monastery |
| 36:49 | [LW] Faneth · first_building Castle |
| 38:57 | [LW] Faneth · first_market_sell 100 stone |
| 41:29 | Speed · resign |
[ AI ANALYSIS · 1 CREDIT ]
What really happened in this match?
Wolo.gg analyzes every decision: build order, eco, micro, common mistakes by bracket. Personalized analysis on WhatsApp or Discord in 30 seconds.
Civ guide
Portuguese
Perfil
Faneth